 Dungeon Crawl Stone Soup version 0.23.2 (webtiles) character file.

Game seed: 5112754241943404271

2998 cklessthan3 the Slinger (level 10, -8/69 HPs)
             Began as a Halfling Hunter on Apr 5, 2019.
             Was a Priest of Makhleb.
             Mangled by Gastronok (18 damage)
             ... on level 8 of the Dungeon.
             The game lasted 00:28:36 (6621 turns).

cklessthan3 the Slinger (Halfling Hunter)           Turns: 6621, Time: 00:28:37

Health: -8/69      AC: 13    Str: 16    XL:     10   Next: 9%
Magic:  10/10      EV:  8    Int:  9    God:    Makhleb [***...]
Gold:   394        SH:  9    Dex: 16    Spells: 9/9 levels left

rFire    . . .     SeeInvis .   a - +3 hunting sling
rCold    . . .     Gourm    .   t - +0 shield
rNeg     . . .     Faith    .   k - +0 chain mail
rPois    .         Spirit   .   u - +2 hat
rElec    .         Reflect  .   (no cloak)
rCorr    .         Harm     .   m - +0 pair of gloves
MR       .....                  y - +0 pair of boots
Stlth    ..........             (no amulet)
HPRegen  0.21/turn              (no ring)
MPRegen  0.12/turn              (no ring)

@: no status effects
A: small, mutation resistance 1
a: Minor Destruction, Lesser Servant of Makhleb, Renounce Religion


You were on level 8 of the Dungeon.
You worshipped Makhleb.
Makhleb was most pleased with you.
You were not hungry.

You visited 1 branch of the dungeon, and saw 8 of its levels.

You collected 394 gold pieces.

Inventory:

Hand Weapons
 a - a +3 hunting sling (weapon)
 b - a +0 short sword
 n - a +0 dagger
Missiles
 d - 11 tomahawks
 e - 118 stones (quivered)
Armour
 k - a +0 chain mail (worn)
 m - a +0 pair of gloves (worn)
 t - a +0 shield (worn)
 u - a +2 hat (worn)
 y - a +0 pair of boots (worn)
Jewellery
 p - an uncursed ring of magical power
 w - a cursed ring of teleportation
Scrolls
 c - a scroll of amnesia
 g - 3 scrolls of identify
 i - 4 scrolls of remove curse
 o - 6 scrolls of teleportation
 q - 2 scrolls of blinking
 r - a scroll of magic mapping
 A - a scroll of noise {unknown}
 B - 3 scrolls of fog
 E - a scroll of silence {unknown}
Potions
 h - a potion of heal wounds
 j - 2 potions of brilliance
 l - a potion of agility
 s - a potion of flight {unknown}
 v - a potion of degeneration {unknown}
 x - a potion of resistance {unknown}
 z - 2 potions of ambrosia {unknown}
 C - a potion of mutation {unknown}
 F - a potion of haste {unknown}
Comestibles
 f - 6 rations


   Skills:
 + Level 6.8 Fighting
 + Level 14.1 Slings
 + Level 4.2 Armour
 + Level 3.2 Dodging
 + Level 2.5 Stealth
 + Level 2.5 Shields


You had 9 spell levels left.
You didn't know any spells.
Your spell library contained the following spells:

 Spells                   Type           Power        Failure   Level  Hunger
 Beastly Appendage        Tmut           #.....       100%        1    ##.....
 Corona                   Hex            #......      100%        1    ##.....
 Slow                     Hex            #.......     100%        2    ###....
 Sticks to Snakes         Tmut           #.......     100%        2    ###....
 Inner Flame              Hex/Fire       #.......     100%        3    ####...
 Portal Projectile        Hex/Tloc       #.....       100%        3    ####...
 Spider Form              Tmut/Pois      #.........   100%        3    ####...
 Cause Fear               Hex            #.........   100%        4    #####..
 Ice Form                 Ice/Tmut       #.......     100%        4    #####..
 Leda's Liquefaction      Hex/Erth       #.........   100%        4    #####..
 Blade Hands              Tmut           #.........   100%        5    ######.


Dungeon Overview and Level Annotations

Branches:
Dungeon (8/15)             Temple (0/1) D:6
   Lair: D:8-11

Altars:
Fedhas
Kikubaaqudgha
Makhleb

Shops:
D:5 (

Annotations:
D:8 Gastronok


Innate Abilities, Weirdness & Mutations

You are small and have problems with some larger weapons.
You are somewhat resistant to further mutation.


Message History

Firing (i - inventory. (/) - cycle)
e - 120 stones (quivered)
Press: ? - help, Shift-Dir - straight line, f/p - Gastronok
Aim: Gastronok, wearing a +2 hat of intelligence (almost dead, covering ground quickly)
You shoot a stone. The stone hits Gastronok.
Gastronok is almost dead.
Firing (i - inventory. (/) - cycle)
e - 119 stones (quivered)
Press: ? - help, Shift-Dir - straight line, f/p - Gastronok
Aim: Gastronok, wearing a +2 hat of intelligence (almost dead, covering ground quickly)
You shoot a stone. The stone hits Gastronok.
Gastronok is almost dead.
Gastronok bites you!!
* * * LOW HITPOINT WARNING * * *
Press: ? - help, v - describe, . - travel, g - get item
Here: Gastronok, wearing a +2 hat of intelligence (almost dead, covering ground quickly) 22 stones.
The floor.
Things that are here:
a +0 short sword; a +0 plate armour; 8 stones Gastronok bites you!!
You die...

........###.†....#####..#
....###......###....#..#
...## #......# #......#
...# #..##..###....>.##
...# #####.###........#
...# #.# #........## ...
#..##.........# .
#.............#
##....@.###....#
##...w.## ##.... #[..())#
.... #.##.)## ... # ##.(
#.). ..(.. ......
..(.(...


You could see Gastronok.

Vanquished Creatures
  Grinder (D:3)
  Duvessa (D:7)
  An orc warrior (D:8)
  2 sky beasts
  3 ice beasts
  An ogre (D:7)
  A centaur (D:6)
  5 bullfrogs
  Dowan (D:7)
  A gnoll sergeant (D:8)
  A wyvern skeleton (D:8)
  A scorpion (D:7)
  4 killer bees (D:6)
  4 wights (D:7)
  A howler monkey (D:5)
  2 quasits
  3 hounds
  A jelly (D:7)
  7 orc priests
  A centaur skeleton (D:6)
  Jessica (D:3)
  7 worker ants
  3 orc wizards
  A hound zombie (D:6)
  Robin (D:3)
  11 gnolls
  12 adders
  4 oozes
  2 worms
  5 dart slugs
  9 leopard geckos
  19 orcs
  6 giant cockroaches
  18 goblins
  9 hobgoblins
  3 jackals (D:4)
  3 quokkas
  A ball python (D:3)
  9 bats
  7 frilled lizards
  6 kobolds
  A quokka skeleton (D:7)
  4 rats
184 creatures vanquished.

Notes
Turn   | Place    | Note
-------+----------+-------------------------------------------
     0 | D:1      | cklessthan3 the Halfling Hunter began the quest for the
                  | Orb.
     0 | D:1      | Reached XP level 1. HP: 14/14 MP: 1/1
    18 | D:1      | Reached skill level 6 in Slings
    87 | D:1      | Reached XP level 2. HP: 19/19 MP: 2/2
   309 | D:1      | Reached XP level 3. HP: 22/24 MP: 3/3
   351 | D:1      | Reached skill level 7 in Slings
  1020 | D:2      | Reached XP level 4. HP: 28/29 MP: 4/4
  1118 | D:2      | Reached skill level 8 in Slings
  1138 | D:2      | Reached XP level 5. HP: 8/34 MP: 5/5
  1679 | D:2      | Found a burning altar of Makhleb.
  1686 | D:2      | Became a worshipper of Makhleb the Destroyer
  1690 | D:2      | Found an ancient bone altar of Kikubaaqudgha.
  1693 | D:2      | Found a blossoming altar of Fedhas.
  2053 | D:3      | Noticed Jessica
  2059 | D:3      | Killed Jessica
  2059 | D:3      | Reached XP level 6. HP: 41/41 MP: 6/6
  2134 | D:3      | Reached skill level 9 in Slings
  2138 | D:3      | Noticed Grinder
  2147 | D:3      | Reached skill level 1 in Armour
  2152 | D:3      | Killed Grinder
  2152 | D:3      | Reached skill level 10 in Slings
  2152 | D:3      | Reached XP level 7. HP: 36/46 MP: 7/7
  2811 | D:3      | Reached * piety under Makhleb
  2812 | D:3      | Identified the cursed +0 helmet "Konoxaf" {+Blink +Fly MR-
                  | Str-2}
  2812 | D:3      | Noticed Robin
  2858 | D:3      | Killed Robin
  3729 | D:5      | Entered Level 5 of the Dungeon
  3747 | D:5      | Reached ** piety under Makhleb
  3953 | D:5      | Reached skill level 11 in Slings
  3993 | D:5      | Found Moargh's Antique Weapon Shop.
  4007 | D:5      | Reached XP level 8. HP: 54/54 MP: 8/8
  4669 | D:6      | Reached skill level 12 in Slings
  5002 | D:6      | Reached skill level 13 in Slings
  5012 | D:6      | Reached XP level 9. HP: 44/60 MP: 9/9
  5017 | D:6      | Reached skill level 5 in Fighting
  5245 | D:6      | Found a staircase to the Ecumenical Temple.
  5371 | D:7      | Noticed Dowan
  5371 | D:7      | Noticed Duvessa
  5387 | D:7      | Killed Duvessa
  5393 | D:7      | Killed Dowan
  5393 | D:7      | Reached skill level 1 in Shields
  5588 | D:7      | Reached *** piety under Makhleb
  6453 | D:8      | Reached XP level 10. HP: 62/69 MP: 10/10
  6568 | D:8      | Noticed Gastronok
  6580 | D:8      | Reached skill level 14 in Slings
  6621 | D:8      | Mangled by Gastronok

Skill      XL: |  1  2  3  4  5  6  7  8  9 10 |
---------------+-------------------------------+-----
Slings         | 6 7 8 10 11 13 14 | 14.1
Fighting       | 2 3 4 6 |  6.8
Armour         | 1 2 4 |  4.2
Shields        | 2 |  2.5
Stealth        | 2 |  2.5
Dodging        | 3 |  3.2

Action                   |  1- 3 |  4- 6 |  7- 9 | 10-12 || total
-------------------------+-------+-------+-------+-------++-------
 Fire: Hunting sling     |    85 |   120 |   504 |    53 ||   762
  Use: Potion            |       |       |     3 |     4 ||     7
       Scroll            |       |       |    13 |     1 ||    14
  Eat: Ration            |       |     1 |     3 |       ||     4
       Chunk             |       |       |     3 |       ||     3
Armor: Chain mail        |    13 |    14 |    92 |     5 ||   124
Dodge: Dodged            |    10 |    12 |    40 |     3 ||    65
Block: Shield            |       |       |    31 |    11 ||    42
